 Dungeon Crawl Stone Soup version 0.29-a0-845-g6161e89988 (webtiles) character file.

Game seed: 7219613243464646283

48 clackabat the Poker (level 3, -3/28 HPs)
             Began as a Merfolk Gladiator on July 16, 2022.
             Was a Follower of Sif Muna.
             Slain by an adder (4 damage)
             ... on level 1 of the Dungeon.
             The game lasted 00:02:43 (726 turns).

clackabat the Poker (Merfolk Gladiator)              Turns: 726, Time: 00:02:44

Health: -3/28      AC:  4    Str: 14    XL:     3   Next: 72%
Magic:  3/3        EV: 13    Int:  9    God:    Sif Muna [*.....]
Gold:   55         SH:  0    Dex: 15    Spells: 2/2 levels left

rFire   . . .      SeeInvis .   a - +0 trident
rCold   . . .      Faith    .   (no shield)
rNeg    . . .      Spirit   .   b - +0 leather armour
rPois   .          Reflect  .   c - +0 helmet
rElec   .          Harm     .   (no cloak)
rCorr   .          Rampage  .   (no gloves)
Will    .....                   (no boots)
Stlth   +.........              (no amulet)
HPRegen 0.09/turn               (no ring)
MPRegen 0.08/turn               (no ring)

@: lethally poisoned (-3 -> -5)
A: (nimble swimmer 2), mertail
a: Renounce Religion, Channel Magic


You were on level 1 of the Dungeon.
You worshipped Sif Muna.
Sif Muna was aware of your devotion.
You visited 1 branch of the dungeon, and saw 2 of its levels.

You collected 55 gold pieces.

Inventory:

Hand Weapons
 a - a +0 trident (weapon)
Missiles
 d - 3 throwing nets (quivered)
 e - a javelin
Armour
 b - a +0 leather armour (worn)
 c - a +0 helmet (worn)
Scrolls
 f - 3 scrolls of enchant armour {unknown}
 g - 3 scrolls of identify {unknown}
 k - a scroll of fear {unknown}
 l - a scroll of magic mapping {unknown}
Potions
 h - a potion of attraction {unknown}
 i - 3 potions of curing {unknown}
 j - a potion of ambrosia {unknown}
 m - a potion of mutation {unknown}


   Skills:
 + Level 2.8 Fighting
 * Level 5.1 Polearms
 - Level 2.0 Throwing
 + Level 4.6 Dodging


You had 2 spell levels left.
You didn't know any spells.
Your spell library contained the following spells:

 Spells                   Type           Power      Damage    Failure   Level
 Foxfire                  Conj/Fire      0%         2x1d4     45%         1
 Conjure Flame            Conj/Fire      0%         6-21      83%         3
 Inner Flame              Hex/Fire       0%         N/A       83%         3
 Flame Wave               Conj/Fire      0%         2d4       99%         4


Dungeon Overview and Level Annotations

Branches:
Dungeon (2/15)

Altars:
Sif Muna


Innate Abilities, Weirdness & Mutations

((You are very nimble when in or above water. (Stealth+, EV+, Speed+++)))
Your lower body shifts to a powerful aquatic tail in water.


Message History

The endoplasm freezes you.
You are frozen.
You puncture the endoplasm!
You kill the endoplasm!
Sif Muna accepts your kill.
You closely miss the adder.
A ball python comes into view.
The adder bites you.
You closely miss the adder.
The ball python hisses angrily.
The adder bites you. The kobold completely misses you. The adder bites you.
You are too injured to fight recklessly!
The kobold attacks as you move away! The kobold hits you with a +0 whip.
There is a stone staircase leading up here.
The adder bites you but does no damage. The adder bites you.
* * * LOW HITPOINT WARNING * * *
You climb upwards.
There is a stone staircase leading down here.
You are too injured to fight recklessly!
You are too injured to fight recklessly!
You are too injured to fight recklessly!
You miss the adder. The adder bites you.
* * * LOW HITPOINT WARNING * * *
You closely miss the adder. The adder closely misses you. The adder bites you.
* * * LOW HITPOINT WARNING * * *
You are lethally poisoned!
The adder poisons you!
You hit the adder.
The adder is heavily wounded.
* * * LOW HITPOINT WARNING * * *
You feel sick. The adder bites you but does no damage.
You hit the adder.
The adder is heavily wounded.
* * * LOW HITPOINT WARNING * * *
You feel sick. The adder closely misses you.
You barely miss the adder.
The adder is heavily wounded.
* * * LOW HITPOINT WARNING * * *
You feel sick. The adder bites you.
You die...

.......#### #.#.##
........## #.†..#
.........# ###..# ####
.......#.# #..###...
.......#.### #..##..≈≈
####.......#####
#.....≈≈#
########..).)..##
#.##.†### ....#
###..##..##### #....≈##.
....#
##...^S@...#######.#####
....#
######.##....#....#⌠≈#.
##### #.........####.≈#.
##.........#.#.≈#. #
#...........#..## ####
#........#..#.... ...#
#####.......##### ##.###
############...........
#....#
#............#####.....


You could see an adder.

Vanquished Creatures
  An adder (D:2)
  5 ball pythons (D:1)
  3 bats (D:1)
  4 endoplasms
  6 giant cockroaches
  3 goblins (D:1)
  4 hobgoblins (D:1)
  2 kobolds (D:1)
  A quokka (D:1)
  A frilled lizard (D:1)
  2 rats (D:1)
32 creatures vanquished.

Vanquished Creatures (others)
  4 plants (D:1)
4 creatures vanquished.

Grand Total: 36 creatures vanquished

Notes
Turn   | Place    | Note
-------+----------+-------------------------------------------
     0 | D:1      | clackabat the Merfolk Gladiator began the quest for the
                  | Orb.
     0 | D:1      | Reached XP level 1. HP: 16/16 MP: 1/1
    80 | D:1      | Reached XP level 2. HP: 20/23 MP: 2/2
   407 | D:1      | Reached XP level 3. HP: 28/28 MP: 3/3
   600 | D:1      | Found a faded altar of an unknown god.
   644 | D:1      | Prayed at the altar of an unknown god.
   644 | D:1      | Became a worshipper of Sif Muna the Loreminder
   644 | D:1      | Reached * piety under Sif Muna
   704 | D:2      | Reached skill level 5 in Polearms
   726 | D:1      | HP: 1/28 [poisoned by an adder]
   726 | D:1      | Slain by an adder

Illustrated notes

Levels and vault maps discovered:
D:1:      sevenhm_arrival_forest_fort_small_3, layout_rooms,
          nicolae_ecumenical_lake_church, serial_bayou_lagoon_a
D:2:      layout_rooms

Skill      XL: |  1  2  3 |
---------------+----------+-----
Polearms       | 5 |  5.1
Fighting       | |  2.8
Throwing       | |  2.0
Dodging        | |  4.6

Action                   || total
-------------------------++-------
Melee: Trident           ||   108
       Punch             ||     2
 Stab: Sleeping          ||     1
Armor: Leather armour    ||    21
Dodge: Dodged            ||    62

Table legend: (Time is in decaauts)
 A = Elapsed time spent in this place.
 B = Non-inter-level travel time spent in this place.
 C = Inter-level travel time spent in this place.
 D = Time resting spent in this place.
 E = Time spent auto-exploring this place.
 F = Levels seen in this place.
 G = Mean time per level.
                   A        B        C        D        E       F      G
               +--------+--------+--------+--------+--------+-----+--------+
         Total |    710 |    655 |     55 |      0 |    454 |   2 |  355.0 |
       Dungeon |    710 |    655 |     55 |      0 |    454 |   2 |  355.0 |
               +--------+--------+--------+--------+--------+-----+--------+

Top non-repeatable levels by time:
     D:1: 686 daAuts
     D:2: 24 daAuts
